 Dungeon Crawl Stone Soup version 0.23-a0-516-g0f8c245 (webtiles) character file.

2686 theanonym the Slicer (level 9, -5/72 HPs)
             Began as a Mummy Enchanter on Dec 5, 2018.
             Was an Initiate of Cheibriados.
             Slain by a two-headed ogre
             ... wielding a +0 giant club
              (9 damage)
             ... on level 7 of the Dungeon.
             The game lasted 00:14:16 (11228 turns).

theanonym the Slicer (Mummy Enchanter)             Turns: 11228, Time: 00:14:17

Health: -5/72      AC: 10    Str: 15    XL:     9   Next: 38%
Magic:  0/22       EV:  6    Int: 16    God:    Cheibriados [......]
Gold:   384        SH:  5    Dex: 13    Spells: 12/13 levels left

rFire    x . .     SeeInvis .   a - +1 short sword (venom)
rCold    + . .     Gourm    .   (no shield)
rNeg     + + +     Faith    .   g - +0 chain mail
rPois    ∞         Spirit   +   j - +0 helmet
rElec    .         Reflect  +   k - scarf {Spirit}
rCorr    .         Harm     .   (no gloves)
MR       +....                  i - +0 pair of boots
Stlth    ..........             p - +5 amulet of reflection
HPRegen  0.22/turn              d - ring of magical power
MPRegen  0.18/turn              o - ring of wizardry

@: about to teleport, very slow
A: no food or potions, fire vulnerability, cold resistance 1, negative energy
resistance 3, torment resistance, unbreathing
a: Bend Time, Renounce Religion


Innate Abilities, Weirdness & Mutations

You do not eat or drink.
Your flesh is vulnerable to fire.
You are immune to poison.
Your flesh is cold resistant. (rC+)
You are immune to negative energy. (rN+++)
You are immune to unholy pain and torment.
You can survive without breathing.


   Skills:
 + Level 7.3 Fighting
 * Level 8.4(8.6) Short Blades
   Level 2.5(5.9) Long Blades
 - Level 1.5 Dodging
 - Level 2.4 Stealth
 - Level 2.6 Spellcasting
 - Level 2.6 Hexes


You had 12 spell levels left.
You knew the following spells:

 Your Spells              Type           Power        Failure   Level  Hunger
a - Corona                Hex            ##.....      52%         1    N/A

Your spell library contained the following spells:

 Spells                   Type           Power        Failure   Level  Hunger
 Ensorcelled Hibernation  Hex/Ice        #.....       83%         2    N/A
 Flame Tongue             Conj/Fire      #....        86%         1    N/A
 Sandblast                Erth           #.....       86%         1    N/A
 Confuse                  Hex            ##......     86%         3    N/A
 Tukima's Dance           Hex            ##......     86%         3    N/A
 Passwall                 Tmut/Erth      #.......     95%         2    N/A
 Throw Flame              Conj/Fire      #.....       95%         2    N/A
 Dazzling Spray           Conj/Hex       #.....       96%         3    N/A
 Inner Flame              Hex/Fire       #.......     96%         3    N/A
 Conjure Flame            Conj/Fire      #.......     99%         3    N/A
 Stone Arrow              Conj/Erth      #.....       99%         3    N/A
 Petrify                  Tmut/Erth      #.......     100%        4    N/A
 Sticky Flame             Conj/Fire      #.......     100%        4    N/A
 Fireball                 Conj/Fire      #.........   100%        5    N/A
 Lee's Rapid Deconstruct  Erth           #.........   100%        5    N/A
 Haunt                    Necr/Summ      #.........   100%        7    N/A
 Infestation              Necr           #.........   100%        8    N/A
 Borgnjor's Revivificati  Necr           Unusable     N/A         8    N/A
 Death's Door             Chrm/Necr      Unusable     N/A         8    N/A
 Necromutation            Tmut/Necr      Unusable     N/A         8    N/A

Skill      XL: |  1  2  3  4  5  6  7  8  9 |
---------------+----------------------------+-----
Short Blades   | 1 2 3 4 5 6 7 8 |  8.4
Fighting       | 1 2 3 4 5 6 7 |  7.3
Long Blades    | 2 |  2.5
Dodging        | |  1.5
Stealth        | |  2.4
Spellcasting   | |  2.6
Hexes          | |  2.6

Action                   |  1- 3 |  4- 6 |  7- 9 || total
-------------------------+-------+-------+-------++-------
Melee: Dagger            |   177 |   166 |   129 ||   472
       Short sword       |       |   246 |   326 ||   572
       Long sword        |       |       |    68 ||    68
       Rapier            |       |       |   102 ||   102
 Cast: Corona            |     3 |       |       ||     3
Invok: Bend Time         |       |       |     1 ||     1
Evoke: Wand              |       |       |     6 ||     6
  Use: Scroll            |     5 |       |     9 ||    14
Armor: Chain mail        |   128 |   275 |   315 ||   718
       Robe              |     8 |       |       ||     8
Dodge: Dodged            |    68 |   102 |   141 ||   311
Block: Other             |       |       |   116 ||   116
       Reflection        |       |       |     1 ||     1
       Rpst.: Long sword |       |       |     4 ||     4

Inventory:

Hand Weapons
 a - a +1 short sword of venom (weapon)
   (You took it off an orc on level 5 of the Dungeon)
 b - a +0 rapier
   (You took it off Eustachio on level 4 of the Dungeon)
Armour
 g - a +0 chain mail (worn)
   (You found it on level 1 of the Dungeon)
 i - a +0 pair of boots (worn)
   (You found it on level 1 of the Dungeon)
 j - a +0 helmet (worn)
   (You found it in a sewer)
 k - a scarf of spirit shield (worn)
   (You found it on level 4 of the Dungeon)
Jewellery
 d - a ring of magical power (left hand)
   (You found it on level 1 of the Dungeon)
 o - a ring of wizardry (right hand)
   (You found it on level 7 of the Dungeon)
 p - a +5 amulet of reflection (around neck)
   (You found it on level 5 of the Dungeon)
Wands
 h - a wand of iceblast (1)
   (You found it on level 4 of the Dungeon)
Scrolls
 e - a scroll of immolation
 l - 2 scrolls of amnesia
 n - 9 scrolls of remove curse
 r - a scroll of identify
 t - 4 scrolls of teleportation {!r}
 y - 2 scrolls of magic mapping


You were on level 7 of the Dungeon.
You worshipped Cheibriados.
Cheibriados was noncommittal.
You were not hungry.

You visited 2 branches of the dungeon, and saw 9 of its levels.
You also visited: Sewer.

You collected 384 gold pieces.

Dungeon Overview and Level Annotations

Branches:
Dungeon (8/15)             Temple (1/1) D:7
   Lair: D:8-11

Altars:
Ashenzari
Cheibriados
Dithmenos
Elyvilon
Fedhas
Gozag
Hepliaklqana
Kikubaaqudgha
Makhleb
Nemelex Xobeh
Okawaru
Qazlal
Ru
Uskayaw
Vehumet
Wu Jian
Xom
Zin
The Shining One

Annotations:
D:6 2 runed doors, MalarOregon's ghost, novice MfVM

.#...## .#....#######
##..........# ###...####.#
## ##..####.###### .#
#............# .#
##...........# .#
#...........####### .#
#..........@O.....#
.#####...........#####.#
............###### #.#
..#####..##.# #.#
...###.[....# #.#
....##......# #.#
....##......# #.#
....##......# #.#
....##......##########.#####


You could see a two-headed ogre.

Notes
Turn   | Place    | Note
-------+----------+-------------------------------------------
     0 | D:1      | theanonym the Mummy Enchanter began the quest for the Orb.
     0 | D:1      | Reached XP level 1. HP: 13/13 MP: 4/4
    35 | D:1      | HP: 6/13 [rat (1)]
    39 | D:1      | Reached skill level 1 in Short Blades
   222 | D:1      | HP: 5/13 [hobgoblin (4)]
   567 | D:1      | Reached XP level 2. HP: 12/20 MP: 5/5
   903 | D:1      | Reached skill level 1 in Fighting
  1560 | D:2      | HP: 10/21 [jackal (2)]
  1565 | D:2      | HP: 6/21 [jackal (2)]
  1566 | D:2      | Reached skill level 2 in Short Blades
  1572 | D:2      | HP: 5/21 [jackal (1)]
  1882 | D:2      | Reached XP level 3. HP: 26/26 MP: 7/7
  2068 | D:2      | Found a blossoming altar of Fedhas.
  2127 | D:2      | Noticed Natasha
  2132 | D:2      | HP: 12/26 [Natasha (4)]
  2139 | D:2      | HP: 8/26 [Natasha/magic dart (4)]
  2148 | D:3      | HP: 8/26 [bat (1)]
  2291 | D:3      | HP: 13/26 [hobgoblin (1)]
  2298 | D:3      | HP: 13/26 [goblin/+0 dagger (1)]
  2405 | D:3      | HP: 11/26 [hound (3)]
  2587 | D:3      | Reached XP level 4. HP: 21/33 MP: 8/8
  2776 | D:2      | Reached skill level 2 in Fighting
  3088 | D:3      | Found an opulent altar of Gozag.
  3164 | D:3      | Reached skill level 3 in Short Blades
  3875 | D:3      | Found a radiant altar of Vehumet.
  3875 | D:3      | Found a shadowy altar of Dithmenos.
  3995 | D:4      | Reached XP level 5. HP: 39/39 MP: 9/9
  4022 | D:4      | HP: 18/39 [orc priest/divine providence (14)]
  4023 | D:4      | HP: 7/39 [orc priest/divine providence (11)]
  4050 | D:4      | HP: 5/39 [orc/+0 morningstar (6)]
  4065 | D:4      | HP: 3/39 [orc/+0 morningstar (4)]
  4319 | D:2      | Killed Natasha
  4516 | D:2      | Noticed Natasha
  4535 | D:2      | Killed Natasha
  4676 | D:2      | Noticed Natasha
  4686 | D:2      | Killed Natasha
  4686 | D:2      | Reached skill level 3 in Fighting
  4686 | D:2      | Reached skill level 4 in Short Blades
  4978 | D:2      | Found a blossoming altar of Fedhas.
  5610 | D:4      | Found an ancient bone altar of Kikubaaqudgha.
  5613 | D:4      | Found a glowing golden altar of the Shining One.
  5635 | D:4      | Reached XP level 6. HP: 44/47 MP: 10/10
  5672 | D:4      | HP: 21/47 [orc wizard/magic dart (3)]
  5679 | D:4      | HP: 21/47 [orc wizard/+0 dagger (2)]
  5722 | D:4      | HP: 20/47 [orc/+0 hand axe (4)]
  6353 | D:4      | HP: 23/47 [iguana (7)]
  6356 | D:4      | HP: 8/47 [iguana (10)]
  6890 | D:4      | Noticed Eustachio
  6928 | D:4      | Killed Eustachio
  6928 | D:4      | Reached skill level 4 in Fighting
  6928 | D:4      | Reached skill level 5 in Short Blades
  6928 | D:4      | Reached XP level 7. HP: 46/54 MP: 11/11
  7111 | D:5      | Entered Level 5 of the Dungeon
  7268 | D:5      | HP: 22/54 [ogre/+0 giant club (11)]
  7279 | D:5      | HP: 22/54 [bullfrog skeleton (2)]
  7286 | D:5      | HP: 20/54 [bullfrog skeleton (2)]
  7320 | D:5      | HP: 20/54 [ogre/+0 giant club (6)]
  7888 | D:5      | Reached skill level 6 in Short Blades
  8075 | D:5      | Reached skill level 5 in Fighting
  8233 | D:5      | Reached XP level 8. HP: 60/62 MP: 12/12
  8382 | D:6      | Found a glowing drain.
  8399 | Sewer    | Entered a sewer
  8761 | D:6      | Reached skill level 7 in Short Blades
  8770 | D:6      | Noticed Menkaure
  8800 | D:6      | HP: 31/64 [gnoll/+0 spear (2)]
  8809 | D:6      | HP: 31/64 [gnoll/+0 spear (1)]
  9045 | D:6      | Found a runed door.
  9045 | D:6      | Noticed MalarOregon's ghost (novice MfVM)
  9073 | D:6      | Found a runed door.
  9094 | D:6      | HP: 28/64 [Menkaure (10)]
  9097 | D:6      | Killed Menkaure
  9097 | D:6      | Reached skill level 6 in Fighting
  9104 | D:6      | Identified the +10 long sword "Bynyen" {speed, rN++ Stlth+}
                  | (You found it on level 6 of the Dungeon)
  9110 | D:6      | HP: 29/64 [crimson imp (2)]
  9252 | D:6      | Found an iron altar of Okawaru.
  9327 | D:6      | Reached skill level 1 in Long Blades
  9534 | D:7      | Reached skill level 2 in Long Blades
  9543 | D:7      | Found a staircase to the Ecumenical Temple.
  9544 | D:7      | You fall through a shaft!
  9547 | D:8      | Noticed a two-headed ogre
  9658 | Temple   | Entered the Ecumenical Temple
  9741 | Temple   | Became a worshipper of Cheibriados the Contemplative
  9815 | D:7      | Reached XP level 9. HP: 71/71 MP: 13/13
 10166 | D:7      | Found a shimmering altar of Xom.
 10462 | D:8      | Noticed a troll
 10471 | D:7      | HP: 35/71 [troll (5)]
 10477 | D:7      | HP: 26/71 [troll (2)]
 10480 | D:7      | Killed a troll
 10480 | D:7      | Reached skill level 7 in Fighting
 10480 | D:7      | Reached skill level 8 in Short Blades
 10735 | D:8      | HP: 33/72 [wyvern (5)]
 10740 | D:8      | HP: 18/72 [wyvern (8)]
 10752 | D:7      | HP: 20/72 [phantom (1)]
 10772 | D:8      | HP: 22/72 [scorpion (2)]
 10835 | D:7      | HP: 35/72 [phantom (1)]
 10847 | D:7      | HP: 34/72 [phantom (3)]
 10852 | D:7      | HP: 31/72 [phantom (2)]
 10866 | D:7      | HP: 33/72 [phantom (1)]
 10873 | D:7      | HP: 24/72 [phantom (4)]
 10880 | D:7      | HP: 18/72 [phantom (3)]
 10900 | D:7      | HP: 21/72 [phantom (1)]
 10912 | D:7      | HP: 19/72 [phantom (5)]
 10932 | D:7      | HP: 22/72 [phantom (2)]
 11185 | D:7      | HP: 32/72 [two-headed ogre/+0 giant club (7)]
 11193 | D:7      | HP: 20/72 [two-headed ogre/+0 giant club (10)]
 11227 | D:7      | HP: 20/72 [two-headed ogre/+0 giant club (9)]
 11228 | D:7      | HP: 4/72 [two-headed ogre/+0 giant club (10)]
 11228 | D:7      | Slain by a two-headed ogre

Vanquished Creatures
  A troll (D:7)
  A wyvern (D:8)
  Eustachio (D:4)
  Menkaure (D:6)
  A sky beast (D:5)
  A phantom (D:7)
  2 ogres
  A necrophage (D:6)
  3 bullfrogs
  2 scorpions
  2 howler monkeys
  4 crimson imps
  A quasit (D:7)
  4 bullfrog skeletons
  5 hounds
  8 orc wizards
  2 orc priests
  An iguana (D:4)
  A worker ant (D:5)
  Natasha (thrice) (D:2)
  2 hound zombies (D:5)
  9 gnolls
  8 adders
  2 shadow imps
  An ooze (D:6)
  2 adder skeletons (D:4)
  2 adder zombies
  3 worms
  5 leopard geckos
  34 orcs
  6 ball pythons
  9 bats
  19 giant cockroaches
  4 goblins
  8 hobgoblins
  7 jackals
  3 kobolds (D:2)
  4 quokkas
  8 frilled lizards
  5 rats
186 creatures vanquished.

Vanquished Creatures (others)
  An orc wizard (D:4)
  An orc (D:8)
2 creatures vanquished.

Grand Total: 188 creatures vanquished

Table legend:
 A = Turns spent in this place as a percentage of turns spent in the entire game.
 B = Non-inter-level travel turns spent in this place as a percentage of non-inter-level travel turns spent in the entire game.
 C = Inter-level travel turns spent in this place as a percentage of turns spent in this place.
 D = Turns resting spent in this place as a percentage of non-inter-level travel turns spent in this place.
 E = Turns spent auto-exploring this place as a percentage of non-inter-level travel turns spent in this place.
 F = Non-inter-level travel turns spent in this place divided by the number of levels of this place that you've seen.
                   A       B       C       D       E      F
               +-------+-------+-------+-------+-------+----------------------
         Total | 100.0 | 100.0 |   2.6 |  38.1 |  41.1 | 1093.2
       Dungeon |  96.7 |  96.7 |   2.6 |  39.4 |  41.0 | 1321.6
        Temple |   0.8 |   0.8 |  10.5 |   0.0 |  90.6 |  85.0
         Sewer |   2.4 |   2.5 |   0.0 |   0.0 |  27.4 | 274.0
               +-------+-------+-------+-------+-------+----------------------
